 Dungeon Crawl Stone Soup version 0.16-a0-3691-gf72e470 (webtiles) character file.

21 Gorice the Conjurer (level 2, -1/20 HPs)
             Began as a Demigod Wanderer on Jan 18, 2015.
             Slain by an adder (3 damage)
             ... on level 1 of the Dungeon.
             The game lasted 00:05:21 (687 turns).

Gorice the Conjurer (Demigod Wanderer)               Turns: 687, Time: 00:05:21

Health: -1/20      AC:  2    Str: 12    XL:     2   Next: 48%
Magic:  1/7        EV: 11    Int: 17    God:
Gold:   40         SH:  0    Dex: 17    Spells: 1 memorised, 6 levels left

rFire  . . .     SeeInvis .     d - +0 dagger
rCold  . . .     Clarity  .     c - +0 robe
rNeg   . . .     SustAb   +     (no shield)
rPois  .         Gourm    .     (no helmet)
rElec  .         Spirit   .     (no cloak)
rCorr  .         Warding  .     (no gloves)
rMut   .         Stasis   .     (no boots)
MR     .....                    (no amulet)
Stlth  ++........               (no ring)
                                (no ring)

@: very slightly contaminated, not resistant to hostile enchantments, unstealthy
A: sustain abilities
a: no special abilities


You were on level 1 of the Dungeon.
You were not hungry.

You visited 1 branch of the dungeon, and saw 1 of its levels.

You collected 40 gold pieces.

Inventory:

Hand weapons
 d - a +0 dagger (weapon)
 j - a +0 spear
Armour
 c - a +0 robe (worn)
Scrolls
 b - a scroll of teleportation
 h - 2 scrolls of identify {unknown}
 i - a scroll of remove curse {unknown}
Potions
 e - a potion of agility {unknown}
Books
 a - a book of Minor Magic
Comestibles
 f - 3 bread rations
 g - a chunk of flesh


   Skills:
 - Level 1.7 Stealth
 + Level 3.0 Spellcasting
 * Level 3.3 Conjurations
   Level 1.0 Necromancy
   Level 1.0 Transmutations


You had 6 spell levels left.
You knew the following spells:

 Your Spells              Type           Power        Failure   Level  Hunger
a - Magic Dart            Conj           ##..         4%          1    None


Dungeon Overview and Level Annotations

Branches:
Dungeon (1/15)


Innate Abilities, Weirdness & Mutations

Your attributes are resistant to harm.


Message History

The adder is almost dead.
The adder bites you.
* * * LOW HITPOINT WARNING * * *
You closely miss the adder.
The adder is almost dead.
The adder misses you.
You barely miss the adder.
The adder is almost dead.
The adder bites you.
* * * LOW HITPOINT WARNING * * *
You hit the adder but do no damage.
The adder is almost dead.
The adder bites you but does no damage. The adder barely misses you.
You miss the adder.
The adder is almost dead.
The adder closely misses you.
You hit the adder but do no damage.
The adder is almost dead.
The adder bites you.
You die...

.#...................
..................## .
..................###.!
..................#.....
.........................
.........................
....#....................
....#............S.......#
....#...........@.?......#
....#............#........
....#.......######.....#.
...##.....รท.....##.....#
...##....................
...###..................
...# #....#####.........
#'## #....# #......... #.#
#....# ######...


You could see an adder.

Vanquished Creatures
  A giant gecko (D:1)
  6 goblins (D:1)
  A hobgoblin (D:1)
  4 jackals (D:1)
  A kobold (D:1)
  2 giant newts (D:1)
  4 rats (D:1)
19 creatures vanquished.

Notes
Turn   | Place    | Note
--------------------------------------------------------------
     0 | D:1      | Gorice, the Demigod Wanderer, began the quest for the Orb.
     0 | D:1      | Gorice set off with: a book of Minor Magic, a scroll of teleportation, a +0 robe, a +0 dagger, a bread ration
     0 | D:1      | Reached XP level 1. HP: 14/14 MP: 4/4
     2 | D:1      | Learned a level 1 spell: Magic Dart
    98 | D:1      | Reached skill level 3 in Conjurations
   168 | D:1      | Reached XP level 2. HP: 20/20 MP: 0/6
   290 | D:1      | Reached skill level 3 in Spellcasting
   687 | D:1      | Slain by an adder

Action                   || total
-------------------------++-------
Melee: Dagger            ||    33
 Cast: Magic Dart        ||    44

Table legend:
 A = Turns spent in this place as a percentage of turns spent in the entire game.
 B = Non-inter-level travel turns spent in this place as a percentage of non-inter-level travel turns spent in the entire game.
 C = Inter-level travel turns spent in this place as a percentage of turns spent in this place.
 D = Turns resting spent in this place as a percentage of non-inter-level travel turns spent in this place.
 E = Turns spent auto-exploring this place as a percentage of non-inter-level travel turns spent in this place.
 F = Non-inter-level travel turns spent in this place divided by the number of levels of this place that you've seen.
                   A       B       C       D       E      F
               +-------+-------+-------+-------+-------+----------------------
         Total | 100.0 | 100.0 |   0.0 |   5.8 |   4.5 | 312.0
       Dungeon | 100.0 | 100.0 |   0.0 |   5.8 |   4.5 | 312.0
               +-------+-------+-------+-------+-------+----------------------

Vault maps used:
D:1:      shiori_arrival_oz, serial_park_tiny_1
